 Dungeon Crawl Stone Soup version 0.31-a0-986-g5e6e4ef867 (webtiles) character file.

Game seed: 936666858378923391

105 monsoonserge the Changeling (level 4, 0/42 HPs)
             Began as an Octopode Shapeshifter on Nov 19, 2023.
             Slain by a goblin
             ... wielding a +0 dagger
             ... led by Robin
              (1 damage)
             ... on level 1 of the Dungeon.
             The game lasted 00:03:27 (1290 turns).

monsoonserge the Changeling (Octopode Shapeshifter) Turns: 1290, Time: 00:03:28

Health: 0/42       AC: 22    Str: 21    XL:     4   Next: 83%
Magic:  4/4        EV:  2    Int: 12    God:
Gold:   93         SH:  0    Dex: 11    Spells: 3/3 levels left

rFire   . .          .
                       - Unarmed
rCold   . . .        (no shield)
rNeg    . . .        (helmet currently unavailable)
rPois   +            (no amulet)
rElec   .            l - +6 ring of strength
rCorr   .            (no ring)
SInv    .            (no ring)
Will    .....        (no ring)
Stlth   +            (no ring)
HPRegen 0.27/turn    (no ring)
MPRegen 0.09/turn    (no ring)
                     (no ring)

%: no passive effects
@: tree-form
A: stationary, stasis, torment immunity, boosted hp, almost no armour,
(amphibious), 8 rings, (camouflage 1), (gelatinous body 1), (nimble swimmer 1),
(tentacles)
a: no special abilities


You were on level 1 of the Dungeon.
You were a tree.
You visited 1 branch of the dungeon, and saw 2 of its levels.

You collected 93 gold pieces.

Inventory:

Missiles
 k - 6 poisoned darts (quivered)
Magical Staves
 i - a staff of conjuration
Jewellery
 l - a +6 ring of strength (left branch)
Talismans
 b - a beast talisman
 c - a flux talisman
Scrolls
 d - a scroll of fog {unknown}
 f - a scroll of revelation {unknown}
 g - 2 scrolls of identify {unknown}
 j - a scroll of enchant armour {unknown}
Potions
 a - a potion of lignification
 e - a potion of resistance {unknown}
 h - a potion of heal wounds {unknown}


   Skills:
 + Level 1.1 Fighting
 + Level 2.3 Dodging
 - Level 1.0 Stealth
 * Level 3.8 Unarmed Combat
 + Level 4.2 Shapeshifting


You had 3 spell levels left.
You didn't know any spells.
Your spell library contained the following spells:

 Spells                   Type           Power      Damage    Failure   Level
 Summon Small Mammal      Summ           0%         N/A       32%         1
 Call Canine Familiar     Summ           0%         N/A       69%         3
 Summon Guardian Golem    Hex/Summ       0%         N/A       69%         3


Dungeon Overview and Level Annotations

Branches:
Dungeon (2/15)

Altars:
Uskayaw

Shops:
D:1 *

Annotations:
D:2 Robin


Innate Abilities, Weirdness & Mutations

You are a tree.
Your roots penetrate the ground, keeping you stationary.
You cannot be teleported.
You are immune to unholy pain and torment.
Your maximum health is greatly increased.
You cannot wear most types of armour.
((You are amphibious.))
You can wear up to eight rings at the same time.
((Your skin changes colour to match your surroundings (Stealth+).))
((Your rubbery body absorbs attacks. (AC +1, EV +1)))
((You are camouflaged when in or above water. (Stealth+)))
((You have tentacles for arms and can constrict up to eight enemies at once.))


Message History

Your squeeze misses the goblin. The goblin hits you with a +0 club.
You tentacle-slap the goblin.
You kill the goblin!
Things that are here:
a +0 club; a goblin corpse You start resting.
HP restored.
There is a stone staircase leading down, spattered with blood here.
You climb downwards.
Level annotation: Robin The goblin closely misses you.
The goblin barely misses you. The goblin hits you with a +0 club.
The goblin misses you. The goblin hits you with a +0 club.
The goblin misses you. Robin closely misses you.
There is a stone staircase leading up here.
The hobgoblin hits you. The goblin closely misses you.
Robin roars a battlecry!
The goblins go into a battle-frenzy!
The goblin closely misses you. x2
You climb upwards.
There is a stone staircase leading down, spattered with blood here.
Unknown command.
You closely miss the hobgoblin. Your grab misses the hobgoblin.
The goblin hits you with a +0 dagger. The hobgoblin misses you.
The goblin hits you with a +0 club. x2
* * * LOW HITPOINT WARNING * * *
Unknown command.
Your transformation has ended.
You turn into a tree.
Your roots penetrate the ground.
The goblin hits you but does no damage. The hobgoblin hits you.
* * * LOW HITPOINT WARNING * * *
The goblin hits you but does no damage. x2
Unknown command.
You pummel the hobgoblin!!
You kill the hobgoblin!
The goblin hits you with a +0 dagger.
* * * LOW HITPOINT WARNING * * *
The goblin hits you but does no damage. x2
You miss the goblin. The goblin hits you with a +0 dagger.
You die...

######## ############...#####
#......####...................
#.####.#.#.......#####.#.#####
#.# #.#.#..####.# #.#.# # #.#
#.#.#..# #.#####.#.##### #.#
#.#.#..# #.......#.##..∩ #.#
#.#....####..######.##... #.#
#.###.###g...# #.##... #†#
#.......♣g..#######.##...
#.######....)g#### #......#...
#.............# #.###..#...
########.......######..##..####
#.†....#...................####
#.####.#......(..#....#....#...
###.##
#.#........##....##...#.##
.....#
#.#........#......#.......
###..#
#.#.......##..##..##......


You could see 3 goblins.

Vanquished Creatures
  Jessica (D:2)
  3 adders (D:2)
  2 worms (D:2)
  A dart slug (D:1)
  2 ball pythons (D:1)
  An endoplasm (D:2)
  A giant cockroach (D:1)
  5 goblins
  5 hobgoblins
  6 jackals
  A quokka (D:1)
  4 bats
  2 kobolds
  9 rats
43 creatures vanquished.

Notes
Turn   | Place    | Note
-------+----------+-------------------------------------------
     0 | D:1      | monsoonserge the Octopode Shapeshifter began the quest for
                  | the Orb.
     0 | D:1      | Reached XP level 1. HP: 13/13 MP: 1/1
   114 | D:1      | Reached XP level 2. HP: 15/18 MP: 2/2
   192 | D:1      | Found Eckuim's General Store.
   626 | D:2      | Reached XP level 3. HP: 19/23 MP: 3/3
   644 | D:2      | Found a faded altar of an unknown god.
   656 | D:2      | Noticed Jessica
   660 | D:2      | Killed Jessica
   661 | D:2      | Reached skill level 4 in Shapeshifting
   661 | D:2      | Reached XP level 4. HP: 27/28 MP: 4/4
  1010 | D:2      | Reached skill level 1 in Stealth
  1065 | D:2      | Noticed Robin
  1211 | D:2      | Found a hide-covered altar of Uskayaw.
  1289 | D:1      | HP: 1/42 [goblin/+0 dagger[Robin] (4)]
  1290 | D:1      | Slain by a goblin

Illustrated notes

Levels and vault maps discovered:
D:1:      dpeg_arrival_rooms_with_view, layout_basic, serial_shops, shop,
          minmay_misc_feat_iff, minivault_25
D:2:      layout_loops_cross, ebering_ecumenical_altar_rust, basic_altar,
          uniq_jessica, uniq_robin

Skill      XL: |  1  2  3  4 |
---------------+-------------+-----
Shapeshifting  | 4 |  4.2
Stealth        | 1 |  1.0
Fighting       | |  1.1
Dodging        | |  2.3
Unarmed Combat | |  3.8

Action                     |  1- 3 |  4- 6 || total
---------------------------+-------+-------++-------
  Melee: Unarmed           |    46 |    36 ||    82
         Constrict         |    12 |    12 ||    24
         Tentacles         |     6 |     9 ||    15
    Use: Potion            |       |     1 ||     1
   Stab: Sleeping          |     5 |     1 ||     6
 Armour: Skin              |    13 |    30 ||    43
  Dodge: Dodged            |    27 |    37 ||    64

Table legend: (Time is in decaauts)
 A = Elapsed time spent in this place.
 B = Non-inter-level travel time spent in this place.
 C = Inter-level travel time spent in this place.
 D = Time resting spent in this place.
 E = Time spent auto-exploring this place.
 F = Levels seen in this place.
 G = Mean time per level.
                   A        B        C        D        E       F      G
               +--------+--------+--------+--------+--------+-----+--------+
         Total |   1285 |   1244 |     41 |     36 |    797 |   2 |  642.5 |
       Dungeon |   1285 |   1244 |     41 |     36 |    797 |   2 |  642.5 |
               +--------+--------+--------+--------+--------+-----+--------+

Top non-repeatable levels by time:
     D:1: 692 daAuts
     D:2: 593 daAuts
